 Dungeon Crawl Stone Soup version 0.25.0-3-gd7cc5688da (webtiles) character file.

Game seed: 16393404831314617614

56 MisterFreud the Skirmisher (level 3, -1/26 HPs)
             Began as a Gargoyle Monk on June 15, 2020.
             Slain by a goblin
             ... wielding a +0 club
             ... led by Robin
              (8 damage)
             ... on level 2 of the Dungeon.
             The game lasted 00:01:53 (1521 turns).

MisterFreud the Skirmisher (Gargoyle Monk)          Turns: 1521, Time: 00:01:54

Health: -1/26      AC:  5    Str: 15    XL:     3   Next: 97%
Magic:  3/3        EV: 12    Int: 10    God:
Gold:   140        SH:  0    Dex: 12    Spells: 2/2 levels left

rFire    . . .     SeeInvis .   a - +0 mace
rCold    . . .     Gourm    .   (no shield)
rNeg     + . .     Faith    .   b - +0 robe
rPois    ∞         Spirit   .   (no helmet)
rElec    +         Reflect  .   (no cloak)
rCorr    .         Harm     .   (no gloves)
MR       .....                  (no boots)
Stlth    ++........             (no amulet)
HPRegen  0.08/turn              (no ring)
MPRegen  0.08/turn              (no ring)

@: no status effects
A: negative energy resistance 1, electricity resistance, unbreathing,
petrification resistance, rot immunity, AC +3
a: no special abilities


You were on level 2 of the Dungeon.
You were not hungry.

You visited 1 branch of the dungeon, and saw 2 of its levels.

You collected 140 gold pieces.

Inventory:

Hand Weapons
 a - a +0 mace (weapon)
Missiles
 l - 12 poisoned darts (quivered)
Armour
 b - a +0 robe (worn)
Wands
 k - a wand of acid (8)
 n - a wand of flame (10)
Scrolls
 f - 3 scrolls of identify {unknown}
 g - a scroll of magic mapping {unknown}
 h - 2 scrolls of remove curse {unknown}
Potions
 d - a potion of resistance {unknown}
 e - 2 potions of curing {unknown}
 i - a potion of heal wounds {unknown}
 m - a potion of flight {unknown}
Comestibles
 c - 4 rations
 j - a chunk of flesh


   Skills:
 - Level 5.0 Fighting
 + Level 3.3 Maces & Flails
 - Level 2.4 Dodging
 - Level 2.1 Stealth


You had 2 spell levels left.
You didn't know any spells.
Your spell library was empty.

Dungeon Overview and Level Annotations

Branches:
Dungeon (2/15)

Altars:

Annotations:
D:2 Robin


Innate Abilities, Weirdness & Mutations

You are resistant to torment.
Your stone body is resilient. (AC +3)
You are immune to poison.
You resist negative energy. (rN+)
You are resistant to electric shocks. (rElec)
You can survive without breathing.
You are immune to petrification.
You are immune to rotting.


Message History

You closely miss the goblin. The goblin hits you with a +0 club.
You hit the goblin.
You kill the goblin!
The hobgoblin completely misses you. Robin throws the goblin at you!
You barely miss the hobgoblin. The goblin misses you.
Robin flexes a bicep menacingly.
The hobgoblin closely misses you. The goblin closely misses you.
Robin throws the goblin at you!
Unknown command.
You hit the goblin.
The goblin is severely wounded.
The goblin hits you with a +0 club. The hobgoblin closely misses you.
The goblin misses you.
You closely miss the goblin.
The goblin is severely wounded.
The hobgoblin hits you.
* * * LOW HITPOINT WARNING * * *
The goblin hits you with a +0 club!
You die...

#.# #.# ###.#
#...# #.###
#.# ##.# #gg#
#@## . #g#
#.#######w####
#....g!..g...#
#...........#
##......(...#
#...†(.....#
#..........#
#..........#


You could see Robin, a dart slug, a hobgoblin (strong) and 2 goblins.

Vanquished Creatures
  Jessica (D:2)
  2 dart slugs (D:2)
  A leopard gecko (D:2)
  2 giant cockroaches (D:1)
  5 goblins
  2 hobgoblins (D:1)
  A quokka (D:2)
  3 bats
  A frilled lizard (D:1)
  A kobold (D:1)
  7 rats
26 creatures vanquished.

Notes
Turn   | Place    | Note
-------+----------+-------------------------------------------
     0 | D:1      | MisterFreud the Gargoyle Monk began the quest for the Orb.
     0 | D:1      | Reached XP level 1. HP: 14/14 MP: 1/1
   571 | D:1      | Reached XP level 2. HP: 16/20 MP: 2/2
   755 | D:1      | Reached skill level 4 in Fighting
  1198 | D:2      | Noticed Jessica
  1210 | D:2      | Killed Jessica
  1210 | D:2      | Reached XP level 3. HP: 21/25 MP: 3/3
  1305 | D:2      | Reached skill level 5 in Fighting
  1508 | D:2      | Noticed Robin
  1521 | D:2      | Slain by a goblin

Illustrated notes

Levels and vault maps discovered:
D:1:      dpeg_arrival_solitude, layout_loops_ring, amethyst_killhole,
          chequers_serial_rivers_micro_d, minmay_misc_feat_alley
D:2:      layout_rooms, hangedman_decor_lopped, uniq_jessica, uniq_robin

Skill      XL: |  1  2  3 |
---------------+----------+-----
Fighting       | 4 5 |  5.0
Maces & Flails | |  3.3
Dodging        | |  2.4
Stealth        | |  2.1

Action                   || total
-------------------------++-------
Melee: Mace              ||    92
 Stab: Sleeping          ||     3
  Eat: Chunk             ||     2
Armor: Robe              ||    32
Dodge: Dodged            ||    74
